 Dungeon Crawl Stone Soup version 0.29-a0-753-gb7bb9d756e (webtiles) character file.

Game seed: 14446016592647315312

13829 Nattfarinn the Thaumaturge (level 11, -8/68 HPs)
             Began as a Deep Elf Venom Mage on June 30, 2022.
             Was an Elder of Sif Muna.
             Mangled by a skeletal warrior
             ... wielding a +0 hand axe
              (20 damage)
             ... on level 12 of the Dungeon.
             The game lasted 00:31:55 (11812 turns).

Nattfarinn the Thaumaturge (Deep Elf Venom Mage)   Turns: 11812, Time: 00:31:56

Health: -8/68      AC:  8    Str: 13    XL:     11   Next: 80%
Magic:  5/26       EV: 21    Int: 29    God:    Sif Muna [****..]
Gold:   421        SH:  8    Dex: 19    Spells: 10/28 levels left

rFire   . . .      SeeInvis +   n - +5 short sword (elec)
rCold   . . .      Faith    .   R - +2 buckler
rNeg    . . .      Spirit   .   m - +4 robe of Augmentation {Str+4 Int+4 Dex+4}
rPois   .          Reflect  .   (no helmet)
rElec   .          Harm     .   (no cloak)
rCorr   .          Rampage  .   t - +1 pair of gloves of Indomitability {Will- Regen+ Str+4}
Will    .....                   (no boots)
Stlth   ++........              (no amulet)
HPRegen 1.01/turn               c - +4 ring of evasion
MPRegen 0.20/turn               l - ring of see invisible

@: no status effects
A: no striking features
a: Renounce Religion, Channel Magic, Forget Spell, Divine Exegesis


You were on level 12 of the Dungeon.
You worshipped Sif Muna.
Sif Muna was greatly pleased with you.
You visited 1 branch of the dungeon, and saw 12 of its levels.

You collected 610 gold pieces.
You spent 189 gold pieces at shops.

Inventory:

Hand Weapons
 n - a +5 short sword of electrocution (weapon)
Missiles
 H - 2 throwing nets
Armour
 a - a +0 robe
 m - the +4 robe of Augmentation (worn) {Str+4 Int+4 Dex+4}
   (You found it on level 3 of the Dungeon)

   Str:       It affects your strength (+4).
   Int:       It affects your intelligence (+4).
   Dex:       It affects your dexterity (+4).
 t - the +1 pair of gloves of Indomitability (worn) {Will- Regen+ Str+4}
   (You found it on level 3 of the Dungeon)

   Str:       It affects your strength (+4).
   Regen:     It increases your rate of health regeneration.
   Will:      It decreases your willpower.
 z - an orb of light
 K - +0 swamp dragon scales
 R - a +2 buckler (worn)
Jewellery
 c - a +4 ring of evasion (left hand)
 e - a +4 ring of protection
 f - a ring of ice
 g - a ring of ice
 l - a ring of see invisible (right hand)
 r - a +6 ring of dexterity
 E - a ring of wizardry
 I - a +4 ring of protection
 N - a +4 ring of evasion
Wands
 k - a wand of flame (58)
 P - a wand of charming (4)
Scrolls
 h - a scroll of noise {unknown}
 i - 8 scrolls of fog
 o - a scroll of poison {unknown}
 p - 4 scrolls of vulnerability
 s - a scroll of blinking
 v - a scroll of summoning {unknown}
 x - 3 scrolls of brand weapon
 y - 4 scrolls of fear
 A - 2 scrolls of magic mapping
 B - 4 scrolls of teleportation
 D - a scroll of immolation {unknown}
 F - 2 scrolls of amnesia {unknown}
 L - 3 scrolls of identify
 O - a scroll of enchant armour
Potions
 b - 2 potions of magic
 d - 3 potions of cancellation
 j - 5 potions of curing
 q - 3 potions of flight {unknown}
 u - 2 potions of heal wounds
 w - a potion of brilliance {unknown}
 C - 3 potions of resistance
 G - a potion of degeneration {unknown}
 Q - a potion of might {unknown}
 S - a potion of ambrosia {unknown}
 T - 2 potions of haste
Miscellaneous
 M - a phantom mirror (inert)


   Skills:
 - Level 8.1 Fighting
 - Level 6.8 Short Blades
 - Level 8.4 Dodging
 - Level 2.4 Stealth
 - Level 4.0 Shields
 - Level 9.4 Spellcasting
 * Level 7.9 Necromancy
 - Level 1.1 Transmutations
 + Level 4.9 Earth Magic
 - Level 8.2 Poison Magic


You had 10 spell levels left.
You knew the following spells:

 Your Spells              Type           Power      Damage    Failure   Level
a - Sting                 Tmut/Pois      100%       1d8       1%          1
b - Poisonous Vapours     Pois/Air       74%        N/A       1%          2
c - Mephitic Cloud        Conj/Pois/Air  29%        N/A       4%          3
d - Olgreb's Toxic Radia  Pois           57%        N/A       1%          4
e - Ignite Poison         Fire/Tmut/Pois 31%        N/A       4%          3
f - Borgnjor's Vile Clut  Necr/Erth      25%        N/A       10%         5

Your spell library contained the following spells:

 Spells                   Type           Power      Damage    Failure   Level
 Conjure Flame            Conj/Fire      13%        6-21      16%         3
 Gell's Gravitas          Tloc           13%        N/A       16%         3
 Lesser Beckoning         Tloc           13%        N/A       16%         3
 Teleport Other           Tloc           13%        N/A       16%         3
 Alistair's Intoxication  Tmut/Pois      26%        N/A       21%         5
 Sticky Flame             Conj/Fire      13%        2d4       45%         4
 Blade Hands              Tmut           10%        N/A       65%         5
 Irradiate                Conj/Tmut      8%         3d16      75%         5
 Eringya's Noxious Bog    Tmut/Pois      20%        N/A       75%         6
 Dragon Form              Tmut           10%        N/A       100%        7


Dungeon Overview and Level Annotations

Branches:
Dungeon (12/15)            Temple (0/1) D:7            Lair (0/6) D:11
    Orc (0/2) D:10

Altars:
Fedhas
Hepliaklqana
Sif Muna
Yredelemnul

Shops:
D:6 ::   D:9 *


Message History

The skeletal warrior hits you with a +0 hand axe!
* * * LOW HITPOINT WARNING * * *
Aiming: Throw Flame
Press: ? - help, Shift-Dir - straight line, f/p - skeletal warrior
Aim: a skeletal warrior, wielding a +0 hand axe (almost destroyed, 68% to hit)
The puff of flame hits the skeletal warrior but does no damage.
The skeletal warrior is almost destroyed.
The skeletal warrior hits you with a +0 hand axe!
* * * LOW HITPOINT WARNING * * *
Blink to where?
Press: ? - help, Dir - move target, p - skeletal warrior
As you read the scroll of blinking, it crumbles to dust.
Aiming: Throw Flame
Press: ? - help, Shift-Dir - straight line, f - skeletal warrior
Aim: a skeletal warrior, wielding a +0 hand axe (almost destroyed, 68% to hit)
The puff of flame hits the skeletal warrior.
The skeletal warrior is almost destroyed.
Aiming: Throw Flame
Press: ? - help, Shift-Dir - straight line, f/p - skeletal warrior
Aim: a skeletal warrior, wielding a +0 hand axe (almost destroyed, 68% to hit)
The puff of flame hits the skeletal warrior but does no damage.
The skeletal warrior is almost destroyed.
Aiming: Throw Flame
Press: ? - help, Shift-Dir - straight line, f/p - skeletal warrior
Aim: a skeletal warrior, wielding a +0 hand axe (almost destroyed, 68% to hit)
The puff of flame hits the skeletal warrior but does no damage.
The skeletal warrior is almost destroyed.
Aiming: Throw Flame
Press: ? - help, Shift-Dir - straight line, f/p - skeletal warrior
Aim: a skeletal warrior, wielding a +0 hand axe (almost destroyed, 68% to hit)
The puff of flame hits the skeletal warrior but does no damage.
The skeletal warrior is almost destroyed.
Aiming: Throw Flame
Press: ? - help, Shift-Dir - straight line, f/p - skeletal warrior
Aim: a skeletal warrior, wielding a +0 hand axe (almost destroyed, 68% to hit)
The puff of flame hits the skeletal warrior but does no damage.
The skeletal warrior is almost destroyed.
The skeletal warrior attacks as you move away!
The skeletal warrior hits you with a +0 hand axe!!
You die...

........)....##.#
............<##.#
.............##.#
.#...........##.#
.............##.#
................#
................# ##
###########'##......# .#
#.......z@...#.#....# .#
#............#.#....# .#.
#.#............#.#....#
.+.###.+............+......#
.#.....#............#......#
.#.....##...##......#......#
.#......#...##......#......#
.#......#...#########....
.#..))..#...#


You could see a skeletal warrior.

Vanquished Creatures
  A two-headed ogre (D:12)
  A skeletal warrior (D:12)
  Pikel (D:6)
  A cyclops (D:11)
  9 centaur zombies (D:11)
  Maggie (D:8)
  4 trolls
  Prince Ribbit (D:6)
  A hornet (D:9)
  A meliai zombie (D:11)
  A wraith (D:11)
  A wyvern (D:11)
  21 yaks
  2 steam dragons
  Menkaure (D:5)
  An ice beast (D:5)
  4 orc warriors
  A sky beast (D:7)
  A black bear (D:5)
  2 ogres
  2 centaurs
  2 phantoms (D:6)
  3 lemures (D:6)
  Blork the orc (D:6)
  A kobold brigand (D:9)
  3 bullfrogs
  A gnoll sergeant (D:9)
  4 necrophages
  5 scorpions
  3 killer bees (D:8)
  A howler monkey (D:9)
  6 hounds
  A jelly (D:5)
  6 orc priests
  4 gnoll shamans
  8 orc wizards
  A boggart zombie (D:11)
  28 gnolls
  11 adders
  A white imp (D:6)
  4 ufetubi
  4 worms
  2 dart slugs
  27 orcs
  6 endoplasms
  3 giant cockroaches
  9 goblins
  7 hobgoblins
  4 jackals (D:3)
  13 kobolds
  4 quokkas
  10 ball pythons
  6 bats
  2 frilled lizards
  9 rats
258 creatures vanquished.

Vanquished Creatures (collateral kills)
  An acid dragon (D:10)
1 creature vanquished.

Vanquished Creatures (others)
  2 fungi (D:5)
  8 plants
10 creatures vanquished.

Grand Total: 269 creatures vanquished

Notes
Turn   | Place    | Note
-------+----------+-------------------------------------------
     0 | D:1      | Nattfarinn the Deep Elf Venom Mage began the quest for the
                  | Orb.
     0 | D:1      | Reached XP level 1. HP: 10/10 MP: 6/6
   257 | D:1      | Reached XP level 2. HP: 15/15 MP: 2/8
   712 | D:1      | Reached XP level 3. HP: 17/19 MP: 5/10
  1164 | D:2      | You fall into a shaft and drop 1 floor!
  1171 | D:3      | Found the +4 robe of Augmentation {Str+4 Int+4 Dex+4}
  1513 | D:3      | Reached skill level 4 in Spellcasting
  1633 | D:3      | Reached XP level 4. HP: 8/24 MP: 4/12
  1929 | D:3      | Learned a level 2 spell: Poisonous Vapours
  1933 | D:3      | Learned a level 3 spell: Mephitic Cloud
  1938 | D:3      | Learned a level 4 spell: Olgreb's Toxic Radiance
  2137 | D:3      | Found a blossoming altar of Fedhas.
  2137 | D:3      | Found a shimmering blue altar of Sif Muna.
  2138 | D:3      | Found a basalt altar of Yredelemnul.
  2182 | D:3      | Identified the +1 pair of gloves of Indomitability {Will-
                  | Regen+ Str+4}
  2347 | D:3      | Found a hazy altar of Hepliaklqana.
  2366 | D:3      | Became a worshipper of Sif Muna the Loreminder
  2739 | D:4      | Reached XP level 5. HP: 28/28 MP: 4/14
  2863 | D:4      | Reached skill level 5 in Spellcasting
  2953 | D:4      | Reached skill level 5 in Poison Magic
  3054 | D:4      | Reached XP level 6. HP: 32/32 MP: 11/16
  3505 | D:4      | Reached skill level 5 in Dodging
  3832 | D:2      | Reached * piety under Sif Muna
  3873 | D:2      | Reached skill level 6 in Spellcasting
  4774 | D:5      | Entered Level 5 of the Dungeon
  4919 | D:5      | Identified the +3 leather armour of the Vaults {rElec rCorr
                  | Int-2}
  4920 | D:5      | Reached XP level 7. HP: 36/36 MP: 13/18
  4960 | D:5      | Reached skill level 7 in Spellcasting
  5167 | D:5      | Reached ** piety under Sif Muna
  5172 | D:5      | Reached XP level 8. HP: 41/41 MP: 16/21
  5542 | D:5      | Noticed Menkaure
  5546 | D:5      | Killed Menkaure
  5547 | D:5      | Reached skill level 8 in Spellcasting
  5621 | D:5      | Reached skill level 9 in Spellcasting
  5852 | D:6      | Found Lazam's Tremendous Tomes.
  5881 | D:6      | Reached XP level 9. HP: 45/45 MP: 22/24
  5948 | D:6      | Reached skill level 1 in Fighting
  5952 | D:6      | Reached skill level 1 in Short Blades
  5954 | D:6      | Noticed Blork the orc
  5961 | D:6      | Killed Blork the orc
  6043 | D:6      | Noticed Pikel
  6055 | D:6      | Killed Pikel
  6056 | D:6      | Noticed Prince Ribbit
  6081 | D:6      | Killed Prince Ribbit
  6318 | D:6      | Found Xuacw's Book Shoppe.
  6323 | D:6      | Learned a level 3 spell: Ignite Poison
  6667 | D:7      | Reached *** piety under Sif Muna
  6932 | D:7      | Found a staircase to the Ecumenical Temple.
  6988 | D:7      | Reached skill level 5 in Fighting
  7304 | D:8      | Reached XP level 10. HP: 59/59 MP: 17/25
  7618 | D:8      | Reached skill level 5 in Short Blades
  7919 | D:8      | Noticed Maggie
  7944 | D:8      | Killed Maggie
  8873 | D:9      | Found Visiasoq's General Store.
  8962 | D:9      | Identified the -2 helmet of Few Inap {Will++ Int+3 Dex-5}
  9023 | D:9      | Bought a scroll of teleportation for 42 gold pieces
  9023 | D:9      | Bought a scroll of teleportation for 42 gold pieces
  9023 | D:9      | Bought a scroll of enchant armour for 105 gold pieces
  9413 | D:10     | Entered Level 10 of the Dungeon
  9504 | D:10     | Reached **** piety under Sif Muna
 10015 | D:10     | HP: 2/64 [acid dragon/splash of acid (22)]
 10083 | D:10     | Found a staircase to the Orcish Mines.
 10280 | D:10     | Reached skill level 1 in Shields
 10454 | D:10     | Reached XP level 11. HP: 68/68 MP: 14/26
 10605 | D:10     | Learned a level 5 spell: Borgnjor's Vile Clutch
 10756 | D:11     | Reached skill level 1 in Necromancy
 10874 | D:11     | Reached skill level 1 in Earth Magic
 11306 | D:11     | Found a staircase to the Lair.
 11382 | D:11     | Found a basalt altar of Yredelemnul.
 11416 | D:11     | Reached skill level 5 in Necromancy
 11572 | D:12     | Noticed a two-headed ogre
 11575 | D:12     | Killed a two-headed ogre
 11734 | D:12     | Noticed a skeletal warrior
 11735 | D:12     | Noticed a skeletal warrior
 11795 | D:12     | Killed a skeletal warrior
 11802 | D:12     | HP: 3/68 [skeletal warrior/+0 hand axe (14)]
 11812 | D:12     | Mangled by a skeletal warrior

Illustrated notes

Levels and vault maps discovered:
D:1:      minmay_arrival_up_and_down, layout_basic, nicolae_wormholes
D:2:      layout_basic, minivault_23
D:3:      layout_basic, nicolae_overflow_quartered_altars
D:4:      layout_basic, chequers_serial_rivers_room_a, serial_bayou_pond_a
D:5:      layout_loops_ring, cheibrodos_sewer_entry_bend, dreamdust_gnoll_farm,
          uniq_menkaure
D:6:      layout_basic, serial_shops, kennysheep_little_box,
          nicolae_shop_i_like_big_books, serial_bayou_pond_c,
          uniq_blork_the_orc, uniq_prince_ribbit1, uniq_pikel
D:7:      layout_rooms, minmay_temple_entry_fiery
D:8:      layout_basic, uniq_maggie
D:9:      layout_cave_pods, serial_shops, shop
D:10:     layout_grid_maze, orc_0_dummy, minivault_1
D:11:     layout_roguey, lair_entry_dummy, chequers_serial_rivers_micro_b,
          nicolae_yredelemnul_corpse_copse
D:12:     layout_stronghold, ebering_ghost_inner_flame

Skill      XL: |  1  2  3  4  5  6  7  8  9 10 11 |
---------------+----------------------------------+-----
Dodging        | 3 4 5 6 8 |  8.4
Spellcasting   | 4 5 6 7 9 |  9.4
Poison Magic   | 4 5 6 8 |  8.2
Fighting       | 5 8 |  8.1
Short Blades   | 4 6 |  6.8
Shields        | 2 4 |  4.0
Necromancy     | 7 |  7.9
Earth Magic    | 4 |  4.9
Stealth        | |  2.4
Transmutations | |  1.1

Action                   |  1- 3 |  4- 6 |  7- 9 | 10-12 || total
-------------------------+-------+-------+-------+-------++-------
Melee: Unarmed           |     3 |       |       |       ||     3
       Short sword       |       |    46 |   143 |   165 ||   354
       Punch             |       |     1 |     4 |       ||     5
 Cast: Sting             |    76 |    85 |    16 |     5 ||   182
       Olgreb's Toxic Ra |       |     5 |    21 |    22 ||    48
       Poisonous Vapours |       |     7 |     9 |    15 ||    31
       Mephitic Cloud    |       |     1 |     2 |     1 ||     4
       Ignite Poison     |       |       |     7 |    29 ||    36
       Borgnjor's Vile C |       |       |       |     6 ||     6
Evoke: Wand              |       |       |       |    20 ||    20
       Phantom mirror    |       |       |       |     1 ||     1
  Use: Scroll            |       |       |    13 |     3 ||    16
 Stab: Sleeping          |       |       |     2 |     2 ||     4
Armor: Robe              |     3 |    20 |    24 |    44 ||    91
Dodge: Dodged            |    26 |    58 |   159 |   185 ||   428
Block: Buckler           |       |       |       |    43 ||    43

Table legend: (Time is in decaauts)
 A = Elapsed time spent in this place.
 B = Non-inter-level travel time spent in this place.
 C = Inter-level travel time spent in this place.
 D = Time resting spent in this place.
 E = Time spent auto-exploring this place.
 F = Levels seen in this place.
 G = Mean time per level.
                   A        B        C        D        E       F      G
               +--------+--------+--------+--------+--------+-----+--------+
         Total |  11798 |  11363 |    435 |    818 |   8856 |  12 |  983.2 |
       Dungeon |  11798 |  11363 |    435 |    818 |   8856 |  12 |  983.2 |
               +--------+--------+--------+--------+--------+-----+--------+

Top non-repeatable levels by time:
     D:3: 1623 daAuts
     D:2: 1289 daAuts
    D:10: 1213 daAuts
     D:8: 1180 daAuts
     D:9: 1038 daAuts
     D:5: 975 daAuts
     D:1: 948 daAuts
     D:6: 919 daAuts
     D:4: 915 daAuts
    D:11: 857 daAuts
     D:7: 557 daAuts
    D:12: 278 daAuts
